 Seeded DCSS version 0.30-a0-719-gcc4359ea44 (webtiles) character file.

Game seed: 905864180322077160 (custom seed)

26191 hikkokomori the Fighter (level 13, -4/72 HPs)
             Began as a Vine Stalker Fighter on Jan 27, 2023.
             Was the Champion of Okawaru.
             Slain by a death yak (13 damage)
             ... on level 4 of the Lair of Beasts.
             The game lasted 00:24:21 (12614 turns).

hikkokomori the Fighter (Vine Stalker Fighter)     Turns: 12614, Time: 00:24:22

Health: -4/72      AC: 25    Str: 25    XL:     13   Next: 24%
Magic:  0/19       EV: 15    Int: 14    God:    Okawaru [******]
Gold:   794        SH:  7    Dex: 11    Spells: 12/12 levels left

rFire   + + .      SeeInvis +    W - +8 trishula "Condemnation" {holy, anguish, *Noise Fly rN+}
rCold   x . .      Faith    .    D - +2 buckler
rNeg    + . .      Spirit   +    C - +8 chain mail of Entitlement {rF++ rC- Str+3}
rPois   +          Reflect  .    F - +2 helmet {Int+3}
rElec   .          Harm     .    s - +0 cloak
rCorr   .          Rampage  .    (no gloves)
Will    +....                    G - +0 pair of boots Stlth
                                 c - amulet of the acrobat
HPRegen 1.12/turn                V - ring of Day {EV+5 Int+3 Dex-5 SInv}
MPRegen 0.16/turn                R - ring of poison resistance

@: flying
A: fangs 3, regeneration 1, magic shield, antimagic bite, no potion heal 2
a: Renounce Religion, Heroism, Finesse, Duel


You were on level 4 of the Lair of Beasts.
You worshipped Okawaru.
Okawaru was exalted by your worship.
You visited 3 branches of the dungeon, and saw 15 of its levels.
You also visited: Sewer and Ossuary.

You collected 1004 gold pieces.
You spent 210 gold pieces at shops.

Inventory:

Hand Weapons
 a - the +5 quick blade of Puma {heavy, rPois}
   (Okawaru gifted it to you on level 4 of the Lair of Beasts)

   rPois:     It protects you from poison.
 H - the +0 dagger of Big Damage {heavy, rPois rF- rC+++ Str-4}
   (You bought it in a shop on level 1 of the Dungeon)

   Str:       It affects your strength (-4).
   rF:        It makes you vulnerable to fire.
   rC:        It renders you almost immune to cold.
   rPois:     It protects you from poison.
 W - the +8 trishula "Condemnation" (weapon) {holy, anguish, *Noise Fly rN+}
   (Okawaru gifted it to you on level 1 of the Lair of Beasts)

   rN:        It protects you from negative energy.
   Fly:       It grants you flight.
   *Noise:    It may make noises in combat.
 Z - a +1 demon whip of venom
Missiles
 J - 4 throwing nets (quivered)
Armour
 s - a +0 cloak (worn)
 C - the +8 chain mail of Entitlement (worn) {rF++ rC- Str+3}
   (You took it off an orc on level 4 of the Dungeon)

   Str:       It affects your strength (+3).
   rF:        It greatly protects you from fire.
   rC:        It makes you vulnerable to cold.
 D - a +2 buckler (worn)
 F - a +2 helmet of intelligence (worn)
 G - a +0 pair of boots (worn)
Jewellery
 b - a +5 ring of evasion
 c - an amulet of the acrobat (around neck)
 E - a ring of willpower
 I - an amulet of faith
 L - a +6 ring of strength
 M - a ring of flight
 R - a ring of poison resistance (right hand)
 S - a ring of ice
 V - the ring of Day (left hand) {EV+5 Int+3 Dex-5 SInv}
   (You found it on level 1 of the Lair of Beasts)

   [ring of evasion]

   EV:        It affects your evasion (+5).
   Int:       It affects your intelligence (+3).
   Dex:       It affects your dexterity (-5).
   SInv:      It lets you see invisible.
 X - a ring of wizardry
Wands
 m - a wand of light (11)
 o - a wand of iceblast (7)
 P - a wand of polymorph (2)
 U - a wand of flame (8)
Scrolls
 g - 4 scrolls of vulnerability {unknown}
 j - 12 scrolls of teleportation
 k - 3 scrolls of noise {unknown}
 l - a scroll of fear {unknown}
 p - 2 scrolls of poison {unknown}
 r - a scroll of amnesia
 u - a scroll of silence
 v - 3 scrolls of enchant armour {unknown}
 y - 2 scrolls of enchant weapon {unknown}
 z - 2 scrolls of blinking {unknown}
 B - 3 scrolls of brand weapon
 K - 2 scrolls of magic mapping
 O - a scroll of torment {unknown}
 T - a scroll of fog
Potions
 d - 3 potions of might
 e - 10 potions of curing
 h - 4 potions of flight
 n - 2 potions of haste
 q - a potion of magic
 t - 4 potions of attraction
 w - 2 potions of berserk rage
 x - 2 potions of resistance
 A - 7 potions of mutation
 N - a potion of ambrosia


   Skills:
 + Level 10.0 Fighting
 - Level 8.2 Short Blades
 - Level 1.8 Maces & Flails
 + Level 4.6 Polearms
 + Level 9.2 Armour
 + Level 7.0 Dodging
 - Level 6.3 Shields
 + Level 7.7 Invocations


You had 12 spell levels left.
You didn't know any spells.
Your spell library contained the following spells:

 Spells                   Type           Power      Damage    Failure   Level
 Magic Dart               Conj           0%         1d3       88%         1
 Necrotise                Necr           0%         1d4       88%         1
 Sting                    Tmut/Pois      0%         1d3       88%         1
 Cigotuvi's Dreadful Rot  Necr/Pois/Air  0%         N/A       96%         2
 Poisonous Vapours        Pois/Air       0%         N/A       96%         2
 Searing Ray              Conj           0%         2d4       96%         2
 Inner Flame              Hex/Fire       0%         N/A       99%         3
 Ozocubu's Armour         Ice            0%         N/A       99%         3
 Portal Projectile        Hex/Tloc       0%         N/A       99%         3
 Vampiric Draining        Necr           0%         2d6       99%         3
 Anguish                  Hex/Necr       0%         N/A       100%        4
 Dispel Undead            Necr           0%         3d6       100%        4
 Flame Wave               Conj/Fire      0%         2d4       100%        4
 Fulminant Prism          Conj/Hex       0%         3d5       100%        4
 Leda's Liquefaction      Hex/Erth       0%         N/A       100%        4
 Olgreb's Toxic Radiance  Pois           0%         N/A       100%        4
 Sticky Flame             Conj/Fire      0%         2d3       100%        4
 Agony                    Necr           0%         N/A       100%        5
 Borgnjor's Vile Clutch   Necr/Erth      0%         N/A       100%        5
 Enfeeble                 Hex            0%         N/A       100%        7
 Ozocubu's Refrigeration  Ice            0%         4d7       100%        7
 Call Canine Familiar     Summ           Unusable   N/A       N/A         3
 Animate Dead             Necr           Unusable   N/A       N/A         4
 Death Channel            Necr           Unusable   N/A       N/A         6

Dungeon Overview and Level Annotations

Branches:
Dungeon (10/15)            Temple (1/1) D:7            Lair (4/5) D:9
 Shoals (0/4) Lair:3        Snake (0/4) Lair:3        Sewer (visited)
Ossuary (visited)
  Slime: Lair:4-5       Orc: D:9-12

Altars:
Ashenzari
Cheibriados
Dithmenos
Elyvilon
Gozag
Hepliaklqana
Kikubaaqudgha
Makhleb
Nemelex Xobeh
Okawaru
Qazlal
Ru
Sif Muna
Trog
Vehumet
Wu Jian
Xom
Yredelemnul
Zin
The Shining One

Shops:
D:1 *   D:10 *

Annotations:
D:2 1 runed translucent door, Crazy Yiuf


Innate Abilities, Weirdness & Mutations

You have razor-sharp teeth.
Your natural rate of healing is unusually fast.
When hurt, damage is shared between your health and your magic reserves.
Your bite disrupts and absorbs the magic of your enemies.
Potions cannot restore your health.


Message History

The death yak is heavily wounded.
You hear a bellow!
You hear a croak. x2; You hear a loud, deep croak! x2
You block the death yak's attack. The death yak gores you!
The death yak is wracked by anguish!
You block the death yak's attack.
You puncture the death yak!
You bite the death yak, but do no damage.
The death yak is severely wounded.
The death yak gores you but does no damage.
You block the death yak's attack. The death yak gores you!
The death yak is wracked by anguish.
You puncture the death yak!
The death yak is almost dead.
The death yak gores you but does no damage.
You block the death yak's attack. The death yak completely misses you.
You hit the death yak.
The trishula "Condemnation" sings the holy song of the Heavens.
You bite the death yak, but do no damage.
The death yak is almost dead.
You hear a loud, deep croak!
You hear a croak.
The death yak gores you!!
* * * LOW HITPOINT WARNING * * *
The death yak is wracked by anguish!
The death yak dies!
Okawaru accepts your kill. The death yak gores you.
* * * LOW HITPOINT WARNING * * *
The death yak is wracked by anguish.
The death yak closely misses you. You block the death yak's attack. x2
You hit the death yak.
You bite the death yak, but do no damage.
The death yak is almost dead.
The death yak is no longer haunted by guilt.
The water moccasin bites you but does no damage. x2
The death yak gores you!
* * * LOW HITPOINT WARNING * * *
The death yak is wracked by anguish!
The death yak dies!
Okawaru accepts your kill. The death yak gores you!
You die...

.. .#. ... #..#
.....##..#
.........## ##
.#........## ...
#.........P## ....
.....##.....###.....
###.........#Y......
#...........@†......
##.........#S#.....
#.........### ...
##P#.....## . #
##...## ##..##
#P...# .## ##..###
.P.###..[#


You could see a death yak and a water moccasin.

Vanquished Creatures
  A hydra (Lair:2)
  A catoblepas (Lair:2)
  Amaemon (Lair:3)
  An oklob plant (Lair:3)
  An elephant (Lair:2)
  A salamander (Lair:3)
  5 black mambas
  A gargoyle (D:9)
  An orange demon (Lair:3)
  Maggie (Lair:2)
  5 cane toads
  5 komodo dragons
  2 rime drakes
  The ghost of Darius099 the Covered, a novice GrFi (D:4)
  2 kobold demonologists (D:10)
  2 trolls
  A polar bear (Lair:2)
  2 hornets
  19 yaks
  A shadow (D:10)
  3 wyverns
  2 wraiths
  2 basilisks (Lair:4)
  2 steam dragons
  An acid dragon (D:10)
  11 water moccasins
  Pargi (Sewer)
  An orc warrior (D:9)
  3 black bears
  3 ice beasts (D:7)
  2 sky beasts
  4 centaurs
  36 wolves
  2 phantoms
  12 bullfrogs
  4 gnoll sergeants
  8 kobold brigands
  Blork the orc (D:4)
  2 elf zombies (Ossuary)
  A necrophage (D:8)
  A scorpion (D:5)
  9 wights
  12 killer bees (D:8)
  An electric eel (D:9)
  3 lava snakes (Lair:3)
  A centaur zombie (Ossuary)
  A human zombie (Ossuary)
  4 orc priests
  3 hounds (D:9)
  2 jellies
  Natasha (thrice) (D:4)
  4 iguanas
  6 orc wizards
  A hound zombie (Ossuary)
  3 mummies (Ossuary)
  21 gnolls
  6 adders
  3 white imps
  2 ufetubi
  2 adder zombies (Ossuary)
  2 worms
  2 dart slugs
  28 orcs
  5 ball pythons
  4 endoplasms (D:1)
  5 giant cockroaches
  3 gnoll zombies (Ossuary)
  8 goblins
  4 hobgoblins
  20 kobolds
  3 quokkas (D:1)
  10 bats
  4 frilled lizards
  4 goblin zombies (Ossuary)
  4 hobgoblin zombies (Ossuary)
  4 jackal zombies (Ossuary)
  2 kobold zombies (Ossuary)
  2 orc zombies (Ossuary)
  4 quokka zombies (Ossuary)
  3 rats
  3 rat zombies (Ossuary)
367 creatures vanquished.

Vanquished Creatures (others)
  A hydra (Lair:2)
  2 death yaks (Lair:4)
  A cane toad (Lair:2)
  A komodo dragon (Lair:3)
  A dream sheep (Lair:2)
  2 wolves (Lair:2)
  5 fungi
  21 plants
34 creatures vanquished.

Grand Total: 401 creatures vanquished

Notes
Turn   | Place    | Note
-------+----------+-------------------------------------------
     0 | D:1      | hikkokomori the Vine Stalker Fighter began the quest for
                  | the Orb.
     0 | D:1      | Reached XP level 1. HP: 11/11 MP: 2/2
    20 | D:1      | Found Heeq's Assorted Antiques.
    53 | D:1      | Reached XP level 2. HP: 6/16 MP: 0/3
   735 | D:1      | Reached skill level 3 in Fighting
   789 | D:1      | Reached XP level 3. HP: 20/20 MP: 4/4
  1415 | D:2      | Reached skill level 1 in Short Blades
  1536 | D:2      | Found a runed translucent door.
  1537 | D:2      | Noticed Crazy Yiuf
  1677 | D:3      | Found a faded altar of an unknown god.
  1703 | D:3      | Found a glowing drain.
  1711 | D:3      | Gained mutation: Your natural rate of healing is unusually
                  | fast. [Vine Stalker growth]
  1711 | D:3      | Reached XP level 4. HP: 8/24 MP: 3/5
  1801 | D:3      | Reached XP level 5. HP: 28/28 MP: 6/6
  1806 | Sewer    | Entered a sewer
  1836 | Sewer    | Noticed Pargi
  1847 | Sewer    | Killed Pargi
  1937 | D:3      | Reached XP level 6. HP: 33/33 MP: 7/7
  2438 | D:4      | Noticed Natasha
  2448 | D:4      | Killed Natasha
  2449 | D:4      | Reached skill level 4 in Fighting
  2565 | D:4      | Reached XP level 7. HP: 21/37 MP: 8/8
  2852 | D:4      | Noticed Blork the orc
  2854 | D:4      | Noticed Natasha
  2855 | D:4      | Found a runed translucent gate.
  2855 | D:4      | Noticed Darius099's ghost (novice GrFi)
  2862 | D:4      | Killed Blork the orc
  2867 | D:4      | Killed Natasha
  2870 | D:4      | Found a runed translucent gate.
  2871 | D:4      | Found a runed translucent gate.
  2872 | D:4      | Identified the +8 chain mail of Entitlement {rF++ rC-
                  | Str+3}
  2932 | D:4      | Noticed Natasha
  2937 | D:4      | Killed Natasha
  3210 | D:4      | Killed Darius099's ghost
  3211 | D:4      | Gained mutation: You have razor-sharp teeth. [Vine Stalker
                  | growth]
  3211 | D:4      | Reached XP level 8. HP: 37/42 MP: 7/9
  3292 | D:5      | Entered Level 5 of the Dungeon
  3337 | D:5      | Reached skill level 5 in Shields
  3342 | D:5      | Reached skill level 5 in Fighting
  3693 | D:5      | Found an ornate altar of the Wu Jian Council.
  3694 | D:5      | Found a glowing silver altar of Zin.
  3816 | D:5      | Found an ancient bone altar of Kikubaaqudgha.
  3965 | D:6      | Noticed a hornet
  3983 | D:6      | Killed a hornet
  3984 | D:6      | Reached skill level 5 in Armour
  4053 | D:6      | Reached XP level 9. HP: 44/48 MP: 10/10
  4071 | D:6      | Found a sand-covered staircase.
  4076 | Ossuary  | Entered an ossuary
  4236 | Ossuary  | Reached skill level 5 in Short Blades
  4430 | D:6      | Reached skill level 6 in Fighting
  4721 | D:1      | Bought an ancient dagger for 210 gold pieces
  4721 | D:1      | Identified the +0 dagger of Big Damage {heavy, rPois rF-
                  | rC+++ Str-4} (You bought it in a shop on level 1 of the
                  | Dungeon)
  5077 | D:6      | Found a shimmering altar of Xom.
  5675 | D:7      | Found a staircase to the Ecumenical Temple.
  5690 | Temple   | Entered the Ecumenical Temple
  5786 | Temple   | Became a worshipper of Warmaster Okawaru
  5934 | D:7      | Reached skill level 1 in Dodging
  6059 | D:7      | Identified the +1 scale mail "Licy" {Str+2}
  6163 | D:7      | Reached * piety under Okawaru
  6286 | D:7      | Reached XP level 10. HP: 47/53 MP: 11/11
  6653 | D:8      | Reached skill level 7 in Fighting
  6690 | D:8      | Reached ** piety under Okawaru
  6691 | D:8      | Reached skill level 1 in Invocations
  7637 | D:9      | Reached *** piety under Okawaru
  7684 | D:9      | Found a staircase to the Lair.
  7932 | D:9      | Reached XP level 11. HP: 49/60 MP: 11/14
  7949 | D:9      | Reached **** piety under Okawaru
  8139 | D:10     | Entered Level 10 of the Dungeon
  8157 | D:9      | Reached skill level 8 in Fighting
  8506 | D:10     | Noticed a sixfirhy
  8523 | D:10     | Reached ***** piety under Okawaru
  8945 | D:10     | Found Pyciguig's General Store.
  9204 | Lair:1   | Entered Level 1 of the Lair of Beasts
  9231 | Lair:1   | Received a gift from Okawaru
  9345 | Lair:1   | Reached skill level 5 in Dodging
  9345 | Lair:1   | Reached skill level 5 in Invocations
  9856 | Lair:1   | Identified the ring of Day {EV+5 Int+3 Dex-5 SInv}
  9976 | Lair:1   | Received a gift from Okawaru
  9977 | Lair:1   | Found the +8 trishula "Condemnation" {holy, anguish, *Noise
                  | Fly rN+}
 10444 | Lair:2   | Noticed Maggie
 10455 | Lair:2   | Reached XP level 12. HP: 65/65 MP: 17/17
 10462 | Lair:2   | Noticed a four-headed hydra
 10472 | Lair:2   | Killed a four-headed hydra
 10473 | Lair:2   | Reached skill level 1 in Polearms
 10488 | Lair:2   | Reached skill level 9 in Fighting
 10565 | Lair:2   | Killed Maggie
 10883 | Lair:2   | Noticed a four-headed hydra
 10886 | Lair:2   | Killed a four-headed hydra
 10958 | Lair:2   | Noticed a catoblepas
 10969 | Lair:2   | Killed a catoblepas
 10969 | Lair:2   | Received a gift from Okawaru
 11593 | Lair:3   | Found a staircase to the Shoals.
 11620 | Lair:3   | Reached XP level 13. HP: 71/71 MP: 19/19
 11841 | Lair:3   | Noticed Amaemon
 11856 | Lair:3   | Killed Amaemon
 12168 | Lair:3   | Found a staircase to the Snake Pit.
 12497 | Lair:4   | Reached skill level 10 in Fighting
 12498 | Lair:4   | Reached ****** piety under Okawaru
 12498 | Lair:4   | Identified the +5 quick blade of Puma {heavy, rPois}
                  | (Okawaru gifted it to you on level 4 of the Lair of Beasts)
 12498 | Lair:4   | Received a gift from Okawaru
 12614 | Lair:4   | Slain by a death yak

Illustrated notes

Levels and vault maps discovered:
D:1:      dpeg_arrival_renting, layout_loops_ring, serial_shops, shop,
          nicolae_figureground_sparkle
D:2:      layout_loops_ring, grunt_ministairs_14, kennysheep_generic_room_4,
          uniq_crazy_yiuf_cottage
D:3:      layout_rooms, gup_sewer_entry_glass, shapermc_ecumenical_altar_ellora,
          nicolae_titane
D:4:      layout_basic, biasface_ghost_orc_armoury, uniq_natasha,
          uniq_blork_the_orc
D:5:      layout_basic, marbit_many_paths, gammafunk_temple_overflow_statue
D:6:      layout_cave_pods, tgw_xom, enter_ossuary_2, grunt_decor_mini_mirrors
D:7:      layout_basic, minmay_temple_entry_slanted
D:8:      layout_loops_ring
D:9:      layout_roguey, erik_lair_island, kennysheep_decorative_pillar
D:10:     layout_long_grid, serial_shops, shop, hangedman_decor_growths,
          nicolae_benzene_ring
Temple:   mainiacjoe_temple_bowtie_tessellation
Lair:1:   layout_long_grid, serial_bayou_shore_a, grunt_megastairs_2
Lair:2:   nzn_winding_woodlands_medium [nzn_winding_woodlands_hourglass,
          nzn_winding_woodlands_5x15_longhouse,
          nzn_winding_woodlands_5x5_closed_star,
          nzn_winding_woodlands_5x5_default,
          nzn_winding_woodlands_center_garden,
          nzn_winding_woodlands_5x5_perimeter,
          nzn_winding_woodlands_5x5_checkerboard,
          nzn_winding_woodlands_5x15_cabin,
          nzn_winding_woodlands_5x5_open_star], layout_regular_city,
          grunt_forest_large_clearings, uniq_maggie
Lair:3:   layout_regular_city, elwin_shoals_entry_rocks,
          nicolae_snake_entry_warm_welcome, grunt_megastairs_3, uniq_amaemon
Lair:4:   layout_cave_pods

Skill      XL: |  1  2  3  4  5  6  7  8  9 10 11 12 13 |
---------------+----------------------------------------+-----
Fighting       | 3 4 5 6 7 8 9 10 | 10.0
Shields        | 3 4 5 6 |  6.3
Short Blades   | 1 2 3 4 6 7 8 |  8.2
Armour         | 3 4 5 6 7 8 9 |  9.2
Dodging        | 2 4 5 6 7 |  7.0
Invocations    | 3 5 7 |  7.7
Polearms       | 3 4 |  4.6
Maces & Flails | |  1.8

Action                     |  1- 3 |  4- 6 |  7- 9 | 10-12 | 13-15 || total
---------------------------+-------+-------+-------+-------+-------++-------
  Melee: Short sword       |    83 |   113 |   634 |   721 |       ||  1551
         Flail             |     4 |       |       |       |       ||     4
         Bite              |    14 |    42 |   240 |   336 |    20 ||   652
         Trishula          |       |       |       |   202 |    67 ||   269
  Evoke: Wand              |       |       |     2 |       |       ||     2
    Use: Scroll            |     1 |       |     2 |     9 |     4 ||    16
         Potion            |       |     1 |     4 |     1 |       ||     6
   Stab: Distracted        |       |       |       |     1 |       ||     1
         Petrified         |       |       |       |     4 |       ||     4
 Armour: Scale mail        |    43 |    68 |    35 |       |       ||   146
         Chain mail        |       |       |   259 |   435 |    31 ||   725
  Dodge: Dodged            |    26 |    45 |   175 |   397 |    32 ||   675
  Block: Buckler           |    19 |    36 |   168 |   372 |    22 ||   617

Table legend: (Time is in decaauts)
 A = Elapsed time spent in this place.
 B = Non-inter-level travel time spent in this place.
 C = Inter-level travel time spent in this place.
 D = Time resting spent in this place.
 E = Time spent auto-exploring this place.
 F = Levels seen in this place.
 G = Mean time per level.
                   A        B        C        D        E       F      G
               +--------+--------+--------+--------+--------+-----+--------+
         Total |  12332 |  11506 |    826 |     42 |   8606 |  17 |  725.4 |
       Dungeon |   8411 |   7748 |    663 |     36 |   5696 |  10 |  841.1 |
        Temple |    140 |     96 |     44 |      0 |     80 |   1 |  140.0 |
          Lair |   3412 |   3293 |    119 |      6 |   2666 |   4 |  853.0 |
         Sewer |     80 |     80 |      0 |      0 |     45 |   1 |   80.0 |
       Ossuary |    286 |    286 |      0 |      0 |    118 |   1 |  286.0 |
               +--------+--------+--------+--------+--------+-----+--------+

Top non-repeatable levels by time:
  Lair:2: 1180 daAuts
     D:6: 1156 daAuts
  Lair:1: 1095 daAuts
     D:1: 977 daAuts
     D:7: 897 daAuts
     D:4: 897 daAuts
     D:9: 856 daAuts
  Lair:3: 816 daAuts
    D:10: 808 daAuts
     D:2: 758 daAuts
     D:8: 753 daAuts
     D:3: 687 daAuts
     D:5: 618 daAuts
  Lair:4: 319 daAuts
 Ossuary: 286 daAuts
